 Dungeon Sprint DCSS version 0.26-a0-712-ga5a9c9c9d0 (webtiles) character file.

Game seed: 12232637117310711585

12 sahdkjhfkaj the Grappler (level 5, 57/57 HPs)
             Began as a Troll Wanderer on Nov 1, 2020.
             Quit the game in the Dungeon (Sprint VI: "Thunderdome").
             The game lasted 00:01:59 (150 turns).

sahdkjhfkaj the Grappler (Troll Wanderer)            Turns: 150, Time: 00:02:00

Health: 57/57      AC:  6    Str: 22    XL:     5   Next: 44%
Magic:  5/5        EV: 12    Int:  5    God:
Gold:   220        SH:  0    Dex: 11    Spells: 6/6 levels left

rFire    . . .     SeeInvis .     - Unarmed
rCold    . . .     Faith    .   (no shield)
rNeg     . . .     Spirit   .   d - +0 robe
rPois    .         Reflect  .   (helmet restricted)
rElec    .         Harm     .   (no cloak)
rCorr    .         Rampage  .   (gloves unavailable)
MR       .....     NoTele   +   (boots unavailable)
Stlth    +.........             (no amulet)
HPRegen  0.59/turn              (no ring)
MPRegen  0.09/turn              (no ring)

@: no status effects
A: large, unfitting armour, claws 3, regeneration 1, shaggy fur 1, tough skin 3
a: no special abilities


You were in the Dungeon.
You visited 1 branch You collected 220 gold pieces.

Inventory:

Armour
 d - a +0 robe (worn)
Wands
 e - a wand of acid (5)
 k - a wand of iceblast (5)
Scrolls
 j - 4 scrolls of blinking {!r}
 l - 3 scrolls of fog {!r}
Potions
 a - a potion of resistance {!q}
 b - 2 potions of curing {!q}
 c - a potion of lignification {!q}
 f - 4 potions of heal wounds {!q}
 g - 4 potions of haste {!q}
 h - 2 potions of magic {!q}
 i - a potion of berserk rage {!q}


   Skills:
 - Level 5.0 Fighting
   Level 1.0 Short Blades
 - Level 5.0 Dodging
 - Level 1.0 Stealth
 + Level 8.4 Unarmed Combat
 - Level 1.0 Spellcasting


You had 6 spell levels left.
You didn't know any spells.
Your spell library was empty.

Dungeon Overview and Level Annotations

Branches:
Dungeon (1/1)

Altars:
Cheibriados
Dithmenos
Fedhas
Gozag
Kikubaaqudgha
Makhleb
Okawaru
Qazlal
Ru
Sif Muna
Trog
Uskayaw
Vehumet
Wu Jian
Xom
Yredelemnul
Zin
The Shining One
Beogh
Jiyva
Lugonu

Shops:
D *[??*?*:[((!!!!


Innate Abilities, Weirdness & Mutations

You are too large for most types of armour.
You have claws for hands.
Your natural rate of healing is unusually fast.
You are covered in fur. (AC +1)
You have extremely tough skin. (AC +3)


Message History

Sigmund is heavily wounded.
Sigmund closely misses you.
You claw Sigmund!
Sigmund is severely wounded.
You barely miss Sigmund.
Sigmund is severely wounded.
Sigmund closely misses you.
You claw Sigmund!
You kill Sigmund!
Victory!
Score multiplier: 2x You now have 12 arena points (gained 12).
Training target 5.0 for Dodging reached!
Your Dodging skill gained 3 levels and is now at level 5!
You need to enable at least one skill for training.
Your Unarmed Combat skill gained 3 levels and is now at level 8!
You have reached level 4!
You have reached level 5!
You now have 220 gold pieces (gained 20).
Are you sure you want to abandon this character and quit the game? (Confirm with "yes".)

##### ##⌠⌠⌠## #.....# ##.....##
##∩.....∩## #∩...[...∩#
#_......._# #_........#
#_..@..[._# ###)........###
#⌠...........⌠#
######.8.........8.######
##..__......###......___∩##
###∩........8.# #.8........∩###
##.............###.............#
#⌠..........###...###..........⌠
#⌠..........# #.<.# #..........⌠


There were no monsters in sight!

Vanquished Creatures
  Sigmund (D)
  Jessica (D)
  Terence (D)
  An adder skeleton (D)
  An orc (D)
5 creatures vanquished.

Notes
Turn   | Place    | Note
-------+----------+-------------------------------------------
     0 | D        | sahdkjhfkaj the Troll Wanderer began the quest for the Orb.
     0 | D        | sahdkjhfkaj set off with the following items: a +2 short
                  | sword, 2 potions of curing {!q}, a potion of lignification
                  | {!q}, a +0 robe, a +0 dagger, a potion of heal wounds {!q},
                  | a potion of haste {!q}, 2 potions of magic {!q}, a potion
                  | of berserk rage {!q}, a scroll of blinking {!r}
     0 | D        | Reached XP level 1. HP: 22/22 MP: 0/0
     2 | D        | Found a burning altar of Makhleb.
     2 | D        | Found a viscous altar of Jiyva.
     3 | D        | Found a stormy altar of Qazlal.
     3 | D        | Found an ornate altar of the Wu Jian Council.
     4 | D        | Found a hide-covered altar of Uskayaw.
     4 | D        | Found a shimmering blue altar of Sif Muna.
     5 | D        | Found a basalt altar of Yredelemnul.
     5 | D        | Found Punar's Magic Scroll Shop.
     5 | D        | Found Daeqe's Staff Store.
     5 | D        | Round 1.
     6 | D        | Found Puefi's Magic Scroll Shop.
     6 | D        | Found Quinip's Must-Have Magic.
     8 | D        | Found a blossoming altar of Fedhas.
     9 | D        | Found a radiant altar of Vehumet.
    10 | D        | Found a roughly hewn altar of Beogh.
    11 | D        | Found Goimyuss's Distillery.
    11 | D        | Found a sacrificial altar of Ru.
    11 | D        | Found a glowing golden altar of the Shining One.
    11 | D        | Found Denocot's Do-It-Yourself Clinic.
    12 | D        | Found Ruixuzaych's Distillery.
    12 | D        | Found Iczijod's Bottled Wisdom.
    15 | D        | Found a corrupted altar of Lugonu.
    16 | D        | Found an ancient bone altar of Kikubaaqudgha.
    17 | D        | Found a bloodstained altar of Trog.
    18 | D        | Found a shimmering altar of Xom.
    18 | D        | Found a snail-covered altar of Cheibriados.
    18 | D        | Found an opulent altar of Gozag.
    18 | D        | Found Yxairuo's Weapon Rack.
    18 | D        | Found Zianin's Premium Goods.
    19 | D        | Found Segoz's Basic Armour.
    19 | D        | Found Ysoniq's Miscellaneous Merchandise.
    23 | D        | Found an iron altar of Okawaru.
    24 | D        | Found a shadowy altar of Dithmenos.
    25 | D        | Found a glowing silver altar of Zin.
    26 | D        | Found Sivagus's Identification Station.
    27 | D        | Found Ejiwk's Advanced Armour.
    27 | D        | Found Xiehagiuq's Jewellery.
    66 | D        | Reached skill level 4 in Unarmed Combat
    66 | D        | Noticed Terence
    73 | D        | Killed Terence
    73 | D        | Reached skill level 5 in Unarmed Combat
    73 | D        | Reached skill level 1 in Spellcasting
    73 | D        | Reached XP level 2. HP: 20/32 MP: 0/2
    73 | D        | Reached XP level 3. HP: 24/39 MP: 0/3
    73 | D        | Noticed Jessica
    79 | D        | Killed Jessica
    79 | D        | Reached skill level 5 in Fighting
    94 | D        | Noticed Sigmund
   102 | D        | Killed Sigmund
   102 | D        | Arena points: 12 (+12) [x2]
   102 | D        | Reached skill level 5 in Dodging
   102 | D        | Reached skill level 8 in Unarmed Combat
   102 | D        | Reached XP level 4. HP: 45/50 MP: 2/4
   102 | D        | Reached XP level 5. HP: 51/57 MP: 2/5
   150 | D        | Quit the game

Illustrated notes

Levels and vault maps discovered:
D:        arena_sprint

Skill      XL: |  1  2  3 |
---------------+----------+-----
Unarmed Combat | 5 8 |  8.4
Spellcasting   | 1 |  1.0
Fighting       | 4 5 |  5.0
Dodging        | 5 |  5.0
Short Blades   | |  1.0
Stealth        | |  1.0

Action                   |  1- 3 |  4- 6 || total
-------------------------+-------+-------++-------
Melee: Unarmed           |    19 |       ||    19
       Punch             |     1 |       ||     1
Armor: Robe              |     2 |       ||     2
Dodge: Dodged            |     7 |       ||     7

Table legend: (Time is in decaauts)
 A = Elapsed time spent in this place.
 B = Non-inter-level travel time spent in this place.
 C = Inter-level travel time spent in this place.
 D = Time resting spent in this place.
 E = Time spent auto-exploring this place.
 F = Levels seen in this place.
 G = Mean time per level.
                   A        B        C        D        E       F      G
               +--------+--------+--------+--------+--------+-----+--------+
         Total |    148 |    148 |      0 |      0 |     38 |   1 |  148.0 |
       Dungeon |    148 |    148 |      0 |      0 |     38 |   1 |  148.0 |
               +--------+--------+--------+--------+--------+-----+--------+

Top non-repeatable levels by time:
       D: 148 daAuts
